 Dungeon Crawl Stone Soup version 0.25-b1-37-g2669288c55 (webtiles) character file.

Game seed: 6980137591639220832

114450 Esekla the Carver (level 16, -18/101 HPs)
             Began as an Octopode Wizard on June 3, 2020.
             Was an Initiate of Gozag.
             Killed from afar by a naga mage (29 damage)
             ... with a lance of force
             ... on level 3 of the Snake Pit on June 5, 2020.
             The game lasted 06:30:28 (38570 turns).

Esekla the Carver (Octopode Wizard)                Turns: 38570, Time: 06:30:28

Health: -18/101    AC:  3    Str:  9    XL:     16   Next: 66%
Magic:  26/41      EV: 22    Int: 28    God:    Gozag
Gold:   1084       SH:  0    Dex: 17    Spells: 3/40 levels left

rFire    + . .     SeeInvis +   e - +8 demon blade (elec)
rCold    + . .     Gourm    .   (no shield)
rNeg     + . .     Faith    .   b - +2 hat
rPois    +         Spirit   .   S - amulet of Jealousy {rElec rPois rN+ Regen+}
rElec    +         Reflect  .   L - +4 ring of evasion
rCorr    .         Harm     .   T - +4 ring of slaying
MR       ++...                  I - ring of Shadows {Umbra +Inv Stlth+}
Stlth    ++++++....             Y - ring of see invisible
HPRegen  0.66/turn              R - ring of protection from magic
MPRegen  0.27/turn              X - ring of Xumod {+Blink MP+9 Int+4}
                                q - ring of Peil {Wiz rF+ Dex+4 Stlth-}
                                k - ring of protection from cold

@: singing, gold aura, wreathed by umbra
A: almost no armour, stealthy swim, amphibious, 8 rings, constrict 8, camouflage
1, agile 1, gelatinous body 1, MP-powered wands
a: Potion Petition, Call Merchant, Bribe Branch, Renounce Religion, Evoke Blink,
Evoke Invisibility


You were on level 3 of the Snake Pit.
You worshipped Gozag.
Gozag was most pleased with you.
You were not hungry.

You visited 5 branches of the dungeon, and saw 27 of its levels.
You also visited: Gauntlet and Volcano.

You collected 10390 gold pieces.
You spent 5830 gold pieces at shops.
You paid 3476 gold pieces to Gozag.

Inventory:

Hand Weapons
 a - the +9 staff of Olgreb {rPois∞}
   (You found it on level 10 of the Dungeon)

   It grants immunity to poison.
 e - a +8 demon blade of electrocution (weapon)
 f - a +5 scimitar of flaming
 v - a +2 short sword of venom
 W - the +3 spear of Biepyp {flame, rC+ Int+8}
   (You found it on level 6 of the Lair of Beasts)

   It has been specially enchanted to burn those struck by it, causing extra
   injury to most foes and up to half again as much damage against particularly
   susceptible opponents.
   It affects your intelligence (+8).
   It protects you from cold.
Missiles
 w - 42 boomerangs (quivered)
 B - 27 javelins
 K - 53 poisoned darts
 O - 8 curare-tipped darts
Armour
 b - a +2 hat (worn)
 F - a +0 buckler
Jewellery
 k - a ring of protection from cold (on tentacle)
 q - the ring of Peil (on tentacle) {Wiz rF+ Dex+4 Stlth-}
   (You found it in a Gauntlet)

   [ring of wizardry]

   It improves your spell success rate.
   It affects your dexterity (+4).
   It protects you from fire.
   It makes you less stealthy.
 z - an uncursed amulet of magic regeneration
 I - the ring of Shadows (on tentacle) {Umbra +Inv Stlth+}
   (You bought it in a shop on level 6 of the Dungeon)

   [ring of stealth]

   It lets you turn invisible.
   It makes you more stealthy.
 L - a +4 ring of evasion (left tentacle)
 R - a ring of protection from magic (on tentacle)
 S - the amulet of Jealousy (around mantle) {rElec rPois rN+ Regen+}
   (You bought it in a shop on level 6 of the Dungeon)

   [amulet of regeneration]

   It insulates you from electricity.
   It protects you from poison.
   It protects you from negative energy.
   It increases your rate of regeneration.
 T - a +4 ring of slaying (right tentacle)
 X - the ring of Xumod (on tentacle) {+Blink MP+9 Int+4}
   (You bought it in a shop on level 12 of the Dungeon)

   [ring of magical power]

   It affects your intelligence (+4).
   It affects your magic capacity (+9).
   It lets you blink.
 Y - a ring of see invisible (on tentacle)
Wands
 g - a wand of clouds (3)
 j - a wand of acid (37)
 m - a wand of digging (14)
 y - a wand of flame (46)
 M - a wand of iceblast (13)
 N - a wand of polymorph (7)
 Q - a wand of paralysis (9)
Scrolls
 n - 17 scrolls of remove curse
 o - 6 scrolls of magic mapping
 p - 3 scrolls of enchant armour
 s - 12 scrolls of teleportation
 u - 7 scrolls of fear
 C - 3 scrolls of blinking
 G - 3 scrolls of fog
 U - 7 scrolls of identify
Potions
 d - 3 potions of flight
 h - 5 potions of curing
 i - 6 potions of stabbing
 l - a potion of brilliance
 r - a potion of experience
 x - 3 potions of haste
 A - 2 potions of lignification
 D - 3 potions of berserk rage
 E - 4 potions of might
 H - a potion of invisibility
 J - 2 potions of cancellation
 P - a potion of heal wounds
 V - 2 potions of magic
Miscellaneous
 t - a lightning rod (4/4)
 Z - a tin of tremorstones (3/3)
Comestibles
 c - 20 rations


   Skills:
 + Level 6.4 Fighting
 - Level 3.6(9.4) Short Blades
 * Level 13.1(13.2) Long Blades
 + Level 1.2(1.7) Polearms
 * Level 1.5(1.9) Staves
 + Level 2.4 Throwing
 + Level 7.4 Dodging
 - Level 5.0 Stealth
 * Level 2.8 Shields
 * Level 12.9 Spellcasting
 + Level 6.3 Conjurations
 + Level 4.2 Hexes
 + Level 6.6 Charms
 + Level 5.3 Summonings
 + Level 3.9 Translocations
 + Level 6.7 Fire Magic
 + Level 8.9 Ice Magic
 + Level 7.3 Air Magic
 + Level 5.4 Poison Magic
 * Level 7.0 Evocations


You had 3 spell levels left.
You knew the following spells:

 Your Spells              Type           Power        Failure   Level  Hunger
a - Apportation           Tloc           #####.       1%          1    None
b - Blink                 Tloc           N/A          1%          2    None
c - Mephitic Cloud        Conj/Pois/Air  ######..     1%          3    None
e - Searing Ray           Conj           ######       1%          2    None
f - Conjure Flame         Conj/Fire      ######..     1%          3    None
g - Fireball              Conj/Fire      ######....   2%          5    ##.....
k - Tukima's Dance        Hex            #####...     1%          3    None
l - Summon Lightning Spi  Summ/Air       ######..     1%          4    None
r - Frozen Ramparts       Ice            ######       1%          3    None
s - Song of Slaying       Chrm           ######..     1%          2    None
v - Poisonous Vapours     Pois/Air       ######       1%          2    None
y - Sticky Flame          Conj/Fire      ######..     1%          4    None
z - Ozocubu's Armour      Chrm/Ice       ######..     1%          3    None

Your spell library contained the following spells:

 Spells                   Type           Power        Failure   Level  Hunger
 Animate Skeleton         Necr           N/A          1%          1    None
 Beastly Appendage        Tmut           ###...       1%          1    None
 Corona                   Hex            #####..      1%          1    None
 Foxfire                  Conj/Fire      ####         1%          1    None
 Freeze                   Ice            ####         1%          1    None
 Infusion                 Chrm           ####         1%          1    None
 Magic Dart               Conj           ####         1%          1    None
 Sandblast                Erth           ###...       1%          1    None
 Summon Butterflies       Summ           #####...     1%          1    None
 Summon Small Mammal      Summ           ####         1%          1    None
 Call Imp                 Summ           #####...     1%          2    None
 Corpse Rot               Necr/Air       N/A          1%          2    None
 Passwall                 Tmut/Erth      ###.....     1%          2    None
 Shroud of Golubria       Chrm/Tloc      #####.       1%          2    None
 Slow                     Hex            #####...     1%          2    None
 Sticks to Snakes         Tmut           ###.....     1%          2    None
 Swiftness                Chrm/Air       ######..     1%          2    None
 Call Canine Familiar     Summ           #####...     1%          3    None
 Confusing Touch          Hex            #####...     1%          3    None
 Dazzling Flash           Conj/Hex       #####.       1%          3    None
 Gell's Gravitas          Tloc           #####.....   1%          3    None
 Inner Flame              Hex/Fire       #####...     1%          3    None
 Lesser Beckoning         Tloc           #####.....   1%          3    None
 Recall                   Summ/Tloc      N/A          1%          3    None
 Spectral Weapon          Hex/Chrm       #####...     1%          3    None
 Spider Form              Tmut/Pois      ####......   1%          3    None
 Summon Guardian Golem    Hex/Summ       #####...     1%          3    None
 Cause Fear               Hex            #####.....   1%          4    None
 Fulminant Prism          Conj/Hex       #####.....   1%          4    None
 Hailstorm                Conj/Ice       ######..     1%          4    None
 Ice Form                 Ice/Tmut       #####...     1%          4    None
 Iskenderun's Mystic Bla  Conj/Tloc      #####...     1%          4    None
 Summon Ice Beast         Ice/Summ       ######..     1%          4    None
 Passage of Golubria      Tloc           N/A          2%          4    None
 Metabolic Englaciation   Hex/Ice        ######....   2%          5    ##.....
 Silence                  Hex/Air        ######....   3%          5    ##.....
 Summon Forest            Summ/Tloc      #####.....   4%          5    ##.....
 Summon Mana Viper        Hex/Summ       #####...     4%          5    ##.....
 Bolt of Magma            Conj/Fire/Erth #####.....   6%          5    ##.....
 Alistair's Intoxication  Tmut/Pois      ####....     11%         5    ##.....
 Petrify                  Tmut/Erth      ###.....     12%         4    None
 Conjure Ball Lightning   Conj/Air       ######....   12%         6    ####...
 Yara's Violent Unravell  Hex/Tmut       ####......   14%         5    ##.....
 Darkness                 Hex            #####.....   30%         6    ####...
 Invisibility             Hex            #####...     30%         6    ####...
 Blade Hands              Tmut           ###.......   32%         5    ##.....
 Lee's Rapid Deconstruct  Erth           ###.......   32%         5    ##.....
 Iron Shot                Conj/Erth      #####.....   43%         6    ####...
 Monstrous Menagerie      Summ           #####.....   71%         7    ######.
 Summon Greater Demon     Summ           #####.....   71%         7    ######.
 Summon Hydra             Summ           #####.....   71%         7    ######.
 Malign Gateway           Summ/Tloc      #####.....   80%         7    ######.
 Dragon Form              Tmut           ###.......   100%        7    ######.
 Summon Horrible Things   Summ           #####.....   100%        8    #######
 Dragon's Call            Summ           #####.....   100%        9    #######
 Tornado                  Air            ######....   100%        9    #######


Dungeon Overview and Level Annotations

Branches:
Dungeon (15/15)            Temple (1/1) D:4            Lair (6/6) D:10
  Swamp (0/4) Lair:2        Snake (3/4) Lair:4        Slime (0/5) Lair:5
    Orc (2/2) D:10            Elf (0/3) Orc:2        Vaults (0/5) D:14
 Depths (0/5) D:15        Volcano (visited)         Gauntlet (visited)

Altars:
Ashenzari
Cheibriados
Elyvilon
Fedhas
Gozag
Makhleb
Okawaru
Qazlal
Ru
Sif Muna
Trog
Vehumet
Xom
Yredelemnul
Zin
The Shining One
Beogh
Jiyva

Shops:
D:4 ?   D:5 ?   D:6 =   D:8 (   D:12 =   Orc:1 *[*   Orc:2 :[([

Annotations:
D:10 1 runed translucent door
D:14 3 runed translucent doors, Laowois's ghost, journeyman MiBe
Lair:2 exclusion: 3 oklob plants
Lair:5 1 runed translucent door
Snake:3 Kirke


Innate Abilities, Weirdness & Mutations

You cannot wear most types of armour.
You are very stealthy in the water. (Stealth+)
You are amphibious.
You can wear up to eight rings at the same time.
You can use your tentacles to constrict eight enemies at once.
Your skin changes colour to match your surroundings (Stealth+).
Your rubbery body absorbs attacks. (AC +1, EV +1)
You are agile. (Dex +2)
You expend magic power (3 MP) to strengthen your wands.


Message History

Press: ? - help, Shift-Dir - straight line, f - black mamba, p - black mamba
Aim: a black mamba (lightly wounded, umbra)
Okay, then.
You release your grip on the black mamba.
The black mamba burns!
The black mamba misses you.
The salamander is engulfed in poison gas.
The salamander looks even sicker.
The salamander hits you from afar with a +2 trident of protection!
* * * LOW HITPOINT WARNING * * *
You are engulfed in flames.
You resist.
* * * LOW HITPOINT WARNING * * *
The salamander hits you from afar with a +3 trident.
* * * LOW HITPOINT WARNING * * *
You are engulfed in flames.
You resist.
* * * LOW HITPOINT WARNING * * *
The black mamba closely misses you. The naga mage casts a spell at you.
The lance of force hits you!!
You die...
Your body crumbles into a pile of gold.

N≈.......N..#
♣♣≈P .....N..#
♣≈NP..........
♣♣P...N.......
≈≈..#........
...N.......
#..SS.....
#@SN.....
###N.....
.###. # ###S.
##.#@.. ###
...SS..


You could see 2 salamanders, a naga ritualist, a mana viper, 2 black mambas, a
naga mage (fast) and 4 nagas.

Vanquished Creatures
  Rupert (Lair:6)
  A nagaraja (Snake:3)
  2 orc warlords (Orc:2)
  Nessos (D:14)
  A minotaur (Gauntlet)
  An ettin (D:15)
  An ice dragon (Lair:6)
  5 hydras
  Fannar (Lair:1)
  A centaur warrior (D:14)
  7 two-headed ogres
  2 anacondas
  A tengu warrior (D:15)
  A death scarab (Gauntlet)
  An ogre mage (D:15)
  Urug (D:14)
  A naga sharpshooter (Snake:1)
  Sonja (D:13)
  A hell hog (Volcano)
  3 shock serpents (Snake:1)
  A deep elf knight (D:15)
  A salamander mystic (Snake:2)
  4 skeletal warriors
  A wolf spider zombie (D:15)
  2 deep elf magi
  12 orc sorcerers
  2 mana vipers
  3 salamanders (Snake:2)
  6 ugly things (D:15)
  3 cyclopes
  2 manticores
  2 centaur zombies
  13 black mambas
  A naga mage (Snake:1)
  23 elephants
  2 gargoyles
  26 spiny frogs
  4 centaur skeletons
  A kobold demonologist (D:12)
  A yaktaur (D:15)
  3 rime drakes (Lair:3)
  3 komodo dragons
  2 freezing wraiths
  2 efreet
  A tengu conjurer (D:15)
  4 tyrant leeches (Lair:6)
  5 trolls
  A hornet (D:10)
  18 blink frogs
  Grinder (D:5)
  17 slime creatures
  A queen bee (Lair:3)
  2 raiju (Gauntlet)
  Prince Ribbit (D:5)
  9 hippogriffs
  A meliai zombie (D:14)
  A vampire (D:13)
  A centaur simulacrum (D:14)
  8 wyverns
  3 wraiths
  A shadow (D:15)
  10 fire bats (Volcano)
  6 hogs
  41 yaks
  2 hungry ghosts (D:13)
  2 basilisks
  A fire elemental (Gauntlet)
  A steam dragon (D:12)
  17 humans
  11 vampire mosquitoes
  11 wargs
  11 nagas
  7 soldier ants (D:10)
  Duvessa (D:5)
  14 water moccasins
  4 hell hounds
  A spectral torpor snail (Gauntlet)
  7 porcupines
  7 sky beasts
  An eye of draining (D:15)
  9 ogres
  29 orc warriors
  6 ice beasts
  3 black bears
  5 phantoms
  11 wolves
  12 crocodiles
  11 centaurs
  A big kobold (D:3)
  A wyvern zombie (D:9)
  18 bullfrogs
  2 gnoll sergeants
  Dowan (D:5)
  A wyvern skeleton (D:8)
  9 scorpions
  2 water moccasin skeletons
  40 killer bees
  10 wights
  An electric eel (Lair:6)
  8 howler monkeys
  9 crimson imps
  14 jellies
  A bullfrog zombie (D:12)
  20 orc priests
  8 hounds
  41 orc wizards
  3 bullfrog skeletons
  4 iguanas
  15 worker ants
  2 lightning spires (Gauntlet)
  A hound skeleton (D:6)
  20 gnolls
  18 adders
  3 shadow imps
  3 white imps (Lair:6)
  9 oozes
  4 worms
  3 dart slugs
  11 leopard geckos
  118 orcs
  5 giant cockroaches
  6 goblins
  10 hobgoblins
  15 jackals
  A quokka (D:4)
  2 ball pythons
  5 frilled lizards
  A jackal skeleton (D:4)
  16 kobolds
  8 rats
  A fungus (Lair:5)
941 creatures vanquished.

Vanquished Creatures (collateral kills)
  A fire crab (Volcano)
  A black mamba (Lair:2)
  A spiny frog (Lair:2)
  A hippogriff (Lair:2)
  A yak (Lair:2)
  A basilisk (Lair:2)
  A hell hound (Gauntlet)
  A bullfrog (Lair:2)
  3 wights
11 creatures vanquished.

Vanquished Creatures (others)
  An orc (Orc:2)
  27 fungi
  54 plants
  8 withered plants (Gauntlet)
90 creatures vanquished.

Grand Total: 1042 creatures vanquished

Notes
Turn   | Place    | Note
-------+----------+-------------------------------------------
     0 | D:1      | Esekla the Octopode Wizard began the quest for the Orb.
     0 | D:1      | Reached XP level 1. HP: 11/11 MP: 4/4
   357 | D:1      | Reached XP level 2. HP: 17/17 MP: 4/6
   361 | D:1      | Learned a level 2 spell: Blink
   987 | D:1      | Reached XP level 3. HP: 20/21 MP: 8/8
   999 | D:1      | Learned a level 3 spell: Mephitic Cloud
  1003 | D:1      | Learned a level 3 spell: Conjure Flame
  1288 | D:2      | Reached XP level 4. HP: 16/27 MP: 3/9
  2152 | D:3      | Reached skill level 1 in Poison Magic
  2263 | D:3      | Reached skill level 1 in Air Magic
  2263 | D:3      | Reached XP level 5. HP: 31/31 MP: 8/11
  2463 | D:3      | Found a stormy altar of Qazlal.
  2465 | D:3      | Noticed a fire elemental
  2466 | D:3      | Noticed an air elemental
  2466 | D:3      | Noticed a water elemental
  2564 | D:3      | Found a faded altar of an unknown god.
  2751 | D:3      | Noticed a big kobold
  2762 | D:3      | Killed a big kobold
  2762 | D:3      | Reached skill level 1 in Short Blades
  2799 | D:3      | Became a worshipper of Elyvilon the Healer
  2799 | D:3      | Reached * piety under Elyvilon
  2820 | D:4      | Reached XP level 6. HP: 36/36 MP: 12/12
  2913 | D:4      | Found a glowing silver altar of Zin.
  3112 | D:4      | Found a staircase to the Ecumenical Temple.
  3146 | Temple   | Entered the Ecumenical Temple
  3163 | Temple   | Fell from the grace of Elyvilon
  3163 | Temple   | Became a worshipper of Gozag Ym Sagoz the Greedy
  3433 | D:4      | Reached XP level 7. HP: 40/42 MP: 12/14
  4013 | D:4      | Found a white marble altar of Elyvilon.
  4050 | D:4      | Found Qoxet Duq's Magic Scroll Shoppe.
  4320 | D:4      | Found a basalt altar of Yredelemnul.
  4499 | D:4      | Bought a scroll of enchant weapon for 75 gold pieces
  4499 | D:4      | Bought a scroll of blinking for 75 gold pieces
  4520 | D:4      | Found a sacrificial altar of Ru.
  4695 | D:5      | Entered Level 5 of the Dungeon
  5487 | D:5      | Noticed Duvessa
  5490 | D:5      | Noticed Dowan
  5518 | D:5      | Killed Duvessa
  5518 | D:5      | Reached skill level 1 in Fighting
  5518 | D:5      | Reached skill level 1 in Long Blades
  5518 | D:5      | Reached skill level 5 in Spellcasting
  5519 | D:5      | Killed Dowan
  5519 | D:5      | Reached XP level 8. HP: 24/48 MP: 15/15
  5685 | D:5      | Found a glowing golden altar of the Shining One.
  5685 | D:5      | Noticed Grinder
  6031 | D:6      | Noticed a slime creature
  6445 | D:6      | Reached skill level 1 in Fire Magic
  6771 | D:6      | Reached skill level 2 in Long Blades
  6885 | D:5      | Paralysed by Grinder for 7 turns
  7265 | D:6      | Killed a slime creature
  7265 | D:6      | Reached XP level 9. HP: 3/53 MP: 9/17
  7651 | D:5      | Got a masterwork spear
  7655 | D:5      | Identified the +2 spear "Osmix" {drain, Int+7} (You found
                  | it on level 5 of the Dungeon)
  7715 | D:5      | Reached skill level 3 in Long Blades
  7753 | D:5      | Noticed Prince Ribbit
  7763 | D:5      | Killed Prince Ribbit
  7764 | D:5      | Found a glowing golden altar of the Shining One.
  7826 | D:5      | Paralysed by Grinder for 6 turns
  7990 | D:5      | Paralysed by Grinder for 2 turns
  7999 | D:5      | Paralysed by Grinder for 5 turns
  8006 | D:5      | Killed Grinder
  8183 | D:5      | Found Kublyam's Magic Scroll Boutique.
  8203 | D:5      | Bought a scroll of identify for 22 gold pieces
  8203 | D:5      | Bought a scroll of noise for 11 gold pieces
  8203 | D:5      | Bought a scroll of identify for 22 gold pieces
  9080 | D:7      | Reached skill level 4 in Long Blades
  9091 | D:7      | HP: 2/54 [hog (7)]
  9700 | D:7      | Reached skill level 5 in Poison Magic
  9700 | D:7      | Reached XP level 10. HP: 60/60 MP: 16/20
  9775 | D:7      | Found a burning altar of Makhleb.
  9775 | D:7      | Found a radiant altar of Vehumet.
  9887 | D:7      | Reached skill level 5 in Conjurations
 10047 | D:7      | Found a bloodstained altar of Trog.
 10788 | D:7      | Found a blossoming altar of Fedhas.
 11063 | D:8      | Found a bloodstained altar of Trog.
 11063 | D:8      | Found an iron altar of Okawaru.
 11097 | D:8      | Reached skill level 5 in Long Blades
 11187 | D:8      | Found Qerog's Weapon Shoppe.
 11389 | D:8      | Learned a level 3 spell: Ozocubu's Armour
 11393 | D:8      | Learned a level 3 spell: Frozen Ramparts
 11527 | D:8      | Learned a level 4 spell: Summon Lightning Spire
 11595 | D:8      | Reached skill level 1 in Charms
 11616 | D:8      | Reached skill level 1 in Ice Magic
 11713 | D:6      | Bought a +4 ring of evasion for 504 gold pieces
 11769 | D:8      | Found a snail-covered altar of Cheibriados.
 11769 | D:8      | Found a shattered altar of Ashenzari.
 12460 | D:9      | Learned a level 2 spell: Searing Ray
 12715 | D:9      | Found a shimmering blue altar of Sif Muna.
 13209 | D:10     | Entered Level 10 of the Dungeon
 13484 | D:10     | Found the +9 staff of Olgreb {rPois∞}
 13730 | D:10     | Found a staircase to the Lair.
 13731 | D:10     | Noticed a two-headed ogre
 13770 | D:10     | Found a runed translucent gate.
 13770 | D:10     | Found a runed translucent gate.
 13770 | D:10     | Found a runed translucent gate.
 13775 | D:10     | Found a runed translucent door.
 13775 | D:10     | Found a runed translucent door.
 13899 | D:10     | Found a staircase to the Orcish Mines.
 13965 | D:10     | Reached XP level 11. HP: 67/67 MP: 14/23
 14074 | D:10     | Reached skill level 6 in Long Blades
 14078 | D:10     | Reached skill level 1 in Polearms
 15076 | D:10     | Killed a two-headed ogre
 15742 | D:6      | Bought the amulet of Jealousy {rElec rPois rN+ Regen+} for
                  | 733 gold pieces
 15838 | Lair:1   | Entered Level 1 of the Lair of Beasts
 16046 | Lair:1   | Learned a level 1 spell: Apportation
 16432 | Lair:1   | Noticed Fannar
 16438 | Lair:1   | Gained mutation: You are agile. (Dex +2) [potion of
                  | mutation]
 16438 | Lair:1   | Gained mutation: You expend magic power (3 MP) to
                  | strengthen your wands. [potion of mutation]
 16449 | Lair:1   | Killed Fannar
 17277 | Lair:2   | Noticed an oklob plant
 17277 | Lair:2   | Noticed an oklob plant
 17277 | Lair:2   | Noticed an oklob plant
 17476 | Lair:2   | Found a staircase to the Swamp.
 17573 | Lair:2   | Noticed a seven-headed hydra
 17745 | Lair:2   | Identified a scroll of acquirement
 17802 | Lair:2   | Killed a seven-headed hydra
 18147 | Lair:3   | Found a dark tunnel.
 18227 | Volcano  | Entered a volcano
 18315 | Volcano  | Reached XP level 12. HP: 63/74 MP: 22/25
 18315 | Volcano  | Noticed a hell hog
 18326 | Volcano  | Killed a hell hog
 18510 | Volcano  | Got an ancient hat
 18541 | Volcano  | Identified the +1 hat of the Lost Path {+Blink rN+ Str-2
                  | Stlth+} (You found it in a volcano)
 18661 | Volcano  | Reached skill level 7 in Long Blades
 18859 | Lair:3   | Upgraded the game from 0.25-b1-23-ge2ad7d536c to
                  | 0.25-b1-37-g2669288c55
 18907 | Lair:3   | Reached skill level 1 in Evocations
 18911 | Lair:3   | Reached skill level 5 in Summonings
 19307 | Lair:3   | Reached skill level 10 in Spellcasting
 19847 | Lair:3   | Reached skill level 5 in Ice Magic
 19944 | Lair:3   | Reached skill level 5 in Air Magic
 20036 | Lair:3   | Reached skill level 8 in Long Blades
 20081 | Lair:3   | Reached skill level 5 in Charms
 20350 | Lair:3   | Reached XP level 13. HP: 76/79 MP: 23/27
 20546 | D:6      | Bought a +4 ring of slaying for 1092 gold pieces
 20855 | Lair:4   | Found a staircase to the Snake Pit.
 21395 | Lair:4   | Reached skill level 9 in Long Blades
 22147 | Lair:5   | Reached skill level 5 in Dodging
 22239 | Lair:5   | Found a runed translucent door.
 22241 | Lair:5   | Found a viscous altar of Jiyva.
 22263 | Lair:5   | Noticed an acid blob
 22277 | Lair:5   | Found a staircase to the Slime Pits.
 23078 | Lair:6   | Entered Level 6 of the Lair of Beasts
 23241 | Lair:6   | Noticed an ice dragon
 23268 | Lair:6   | Reached skill level 10 in Long Blades
 23275 | Lair:6   | Killed an ice dragon
 23819 | Lair:6   | Reached XP level 14. HP: 65/86 MP: 12/29
 24051 | Lair:6   | Reached skill level 5 in Fighting
 24181 | Lair:6   | Noticed Rupert
 24199 | Lair:6   | Paralysed by Rupert for 5 turns
 24816 | Lair:6   | Reached skill level 11 in Long Blades
 25176 | Lair:6   | Got a pitted spear
 25182 | Lair:6   | Identified the +3 spear of Biepyp {flame, rC+ Int+8} (You
                  | found it on level 6 of the Lair of Beasts)
 25330 | Lair:6   | Killed Rupert
 25330 | Lair:6   | Reached skill level 1 in Throwing
 25661 | Lair:6   | Learned a level 3 spell: Tukima's Dance
 25663 | Lair:6   | Learned a level 1 spell: Corona
 25763 | Orc:1    | Entered Level 1 of the Orcish Mines
 25763 | Orc:1    | Found a roughly hewn altar of Beogh.
 26036 | Orc:1    | Found Kiuveil's General Store.
 26121 | Orc:1    | Bought a book of Flames for 490 gold pieces
 26126 | Orc:1    | Learned a level 4 spell: Sticky Flame
 26132 | Orc:1    | Learned a level 5 spell: Fireball
 26284 | Orc:2    | Entered Level 2 of the Orcish Mines
 26349 | Orc:2    | Noticed an orc warlord
 26589 | Orc:2    | Killed an orc warlord
 26715 | Orc:2    | Reached skill level 1 in Hexes
 26817 | Orc:1    | Noticed an orc warlord
 26856 | Orc:2    | Killed an orc warlord
 27362 | Orc:2    | Learned a level 2 spell: Blink
 27426 | Orc:2    | Found a staircase to the Elven Halls.
 27689 | Orc:2    | Found a roughly hewn altar of Beogh.
 27799 | Orc:2    | Reached XP level 15. HP: 81/94 MP: 24/30
 27900 | Orc:2    | Found a roughly hewn altar of Beogh.
 27915 | Orc:2    | Found Qom Wios's Antique Armour Shop.
 27915 | Orc:2    | Found Fexiaroi's Weapon Emporium.
 27999 | Orc:2    | Found Dextic's Armour Shop.
 27999 | Orc:2    | Found Annointa's Book Emporium.
 28163 | Orc:2    | Paralysed by an orc sorcerer for 5 turns
 28204 | Orc:2    | Reached skill level 12 in Long Blades
 28348 | Orc:2    | Reached skill level 5 in Fire Magic
 28380 | Orc:2    | Bought a glowing hat for 217 gold pieces
 28759 | D:4      | Bought a scroll of identify for 20 gold pieces
 28933 | Orc:1    | Bought a scroll labeled GECIULE DUBYNU for 22 gold pieces
 28933 | Orc:1    | Bought a metal-bound book for 330 gold pieces
 28933 | Orc:1    | Bought a scroll of identify for 44 gold pieces
 28997 | Orc:2    | Bought a book of Battle for 400 gold pieces
 29000 | Orc:2    | Learned a level 2 spell: Song of Slaying
 29162 | D:6      | Bought the ring of Shadows {Umbra +Inv Stlth+} for 560 gold
                  | pieces
 29162 | D:6      | Found the ring of Shadows {Umbra +Inv Stlth+}
 29393 | D:11     | Found a blossoming altar of Fedhas.
 29456 | D:11     | Found a shimmering altar of Xom.
 32511 | D:13     | Noticed Sonja
 32521 | D:13     | Killed Sonja
 32676 | D:13     | Reached skill level 5 in Evocations
 33333 | D:13     | You fall into a shaft and drop 2 floors!
 33333 | D:15     | Entered Level 15 of the Dungeon
 33566 | D:14     | Found a frozen archway.
 33567 | D:14     | Found a gate leading to a gauntlet.
 33583 | Gauntlet | Entered a Gauntlet
 33583 | Gauntlet | Found a transporter.
 33583 | Gauntlet | Found a transporter.
 33587 | Gauntlet | Found a transporter.
 33587 | Gauntlet | Found a transporter.
 33589 | Gauntlet | Found a large runed translucent door.
 33590 | Gauntlet | Found a large runed translucent door.
 33591 | Gauntlet | Found a large runed translucent door.
 33591 | Gauntlet | Found a large runed translucent door.
 33591 | Gauntlet | Found a runed translucent door.
 33592 | Gauntlet | Found a large runed translucent door.
 33594 | Gauntlet | Found a transporter.
 33640 | Gauntlet | Found a transporter.
 33657 | Gauntlet | Found a transporter.
 33670 | Gauntlet | Found a transporter.
 33690 | Gauntlet | Found a transporter.
 33769 | Gauntlet | Found a runed translucent door.
 33771 | Gauntlet | Found a large runed translucent door.
 33771 | Gauntlet | Found a large runed translucent door.
 33771 | Gauntlet | Found a large runed translucent door.
 33772 | Gauntlet | Found a large runed translucent door.
 33773 | Gauntlet | Found a large runed translucent door.
 33777 | Gauntlet | Found a transporter.
 33787 | Gauntlet | Found a large runed translucent door.
 33787 | Gauntlet | Found a large runed translucent door.
 33788 | Gauntlet | Found a large runed translucent door.
 33788 | Gauntlet | Found a large runed translucent door.
 33788 | Gauntlet | Found a large runed translucent door.
 33790 | Gauntlet | Found a runed translucent gate.
 33790 | Gauntlet | Found a runed translucent gate.
 33790 | Gauntlet | Found a runed translucent gate.
 33792 | Gauntlet | Found a transporter.
 33801 | Gauntlet | Found a transporter.
 33808 | Gauntlet | Found a transporter.
 33844 | Gauntlet | Found a large runed translucent door.
 33846 | Gauntlet | Found a transporter.
 33906 | Gauntlet | Found a transporter.
 33922 | Gauntlet | Found a transporter.
 34128 | Gauntlet | Got a slimy marble ring
 34129 | Gauntlet | Identified the ring of Okaq {rF+ Str-5 Dex+5 Stlth+} (You
                  | found it in a Gauntlet)
 34192 | Gauntlet | Identified the Collected Works on the Rocks and the Birds
 34199 | Gauntlet | Learned a level 2 spell: Poisonous Vapours
 34244 | Gauntlet | Identified the Handbook of Displacement and
                  | Self-Improvement
 34245 | Gauntlet | Got a brightly glowing ivory ring
 34247 | Gauntlet | Identified the ring of Peil {Wiz rF+ Dex+4 Stlth-} (You
                  | found it in a Gauntlet)
 34559 | D:14     | Found a runed translucent gate.
 34561 | D:14     | Found a runed translucent gate.
 34817 | D:14     | Found a shattered altar of Ashenzari.
 34877 | D:14     | HP: 1/94 [freezing wraith (34)]
 35291 | D:12     | Bought the ring of Xumod {+Blink MP+9 Int+4} for 763 gold
                  | pieces
 35291 | D:12     | Bought an uncursed ring of protection from cold for 450
                  | gold pieces
 35340 | D:14     | Found a gate to the Vaults.
 35340 | D:14     | Noticed Urug
 35340 | D:14     | Noticed Nessos
 35436 | D:14     | Killed Nessos
 35437 | D:14     | Reached XP level 16. HP: 83/100 MP: 27/32
 35692 | D:14     | Found a runed translucent gate.
 35706 | D:14     | Noticed Laowois's ghost (journeyman MiBe)
 35948 | D:15     | Found a staircase to the Depths.
 36761 | D:14     | Killed Urug
 36761 | D:14     | Reached skill level 1 in Shields
 37160 | Snake:1  | Entered Level 1 of the Snake Pit
 37452 | Snake:1  | Reached skill level 13 in Long Blades
 37695 | Snake:1  | Reached skill level 5 in Stealth
 38106 | Snake:2  | Reached skill level 1 in Staves
 38405 | Snake:3  | Noticed a nagaraja
 38420 | Snake:3  | Killed a nagaraja
 38423 | Snake:3  | Noticed Kirke
 38570 | Snake:3  | Killed from afar by a naga mage

Illustrated notes

Levels and vault maps discovered:
D:1:      mainiacjoe_arrival_reflecting_pool, layout_basic
D:2:      layout_rooms
D:3:      cheibrodos_thug_alley, layout_rooms, chequers_ecumenical_altar_island,
          nicolae_qazlal_style_of_elements
D:4:      layout_cave_pools, kennysheep_ying_yang, overflow_temple_1_default,
          nicolae_ru_path_of_blood, minmay_temple_entry_mini_moons,
          serial_shops, nicolae_shop_stone, glass_columns_c, grunt_tough_drop
D:5:      layout_basic, overflow_temple_1_default, serial_shops, shop,
          first_ration, nicolae_tso_carved_into_rock, uniq_duvessa,
          uniq_prince_ribbit1, uniq_grinder
D:6:      lemuel_slime, layout_basic
D:7:      layout_layer_cave, grunt_temple_overflow_lords_of_destruction,
          nicolae_overflow_hidden_temple, grunt_livestock, trog_hazing_becter
D:8:      layout_rooms, grunt_temple_overflow_bloody_war,
          gammafunk_temple_overflow_elements, serial_shops, shop
D:9:      layout_cave_pods, lemuel_round_altar
D:10:     layout_layer_cave, erik_lair_orcish_takeover, orc_0_dummy,
          minmay_guarded_unrand_staff_of_olgreb
D:11:     layout_irregular_city, basic_altar, xom_teletrap_fun
D:12:     minmay_box_of_statues, layout_irregular_city, corexii_checkpoint_b,
          drop_trap
D:13:     kennysheep_six_static_rooms, layout_basic, uniq_sonja
D:14:     layout_irregular_city, david_vaults_3, evilmike_ruin_ashenzari,
          portal_ice_cave_entry_pillars_1, maelrawn_ghost_gauntlet_escape,
          gauntlet_entry_generic
D:15:     hangedman_depths_entry_civil_slaughter, layout_rooms, minivault_25_ag,
          minmay_misc_feat_tower
Temple:   grunt_temple_mini_profane
Lair:1:   layout_cave_pods, grunt_megastairs_2, uniq_fannar
Lair:2:   layout_small_grid, swamp_mist_pool, minivault_19,
          minmay_lair_oklob_chamber, lemuel_fruit_fields
Lair:3:   regret_index_combs_of_tragedy, layout_regular_city, enter_volcano_1
Lair:4:   layout_cave_pods, guppyfry_snake_entry_island, lemuel_fruit_tree
Lair:5:   layout_hall_layers, slime_altar_2, st_stairs_3
Lair:6:   minmay_lair_end_frog_pond, layout_gridlike, bobbens_ice_dragon_lair,
          uniq_rupert
Snake:1:  layout_rooms
Snake:2:  layout_rooms
Snake:3:  layout_cave_shapes, basic_altar, serial_bayou_pond_c,
          minmay_shoptagon, uniq_kirke
Orc:1:    layout_caves, serial_shops, nicolae_shop_trees, basic_altar,
          nicolae_orc_lava_room
Orc:2:    st_orc_town, layout_caves, basic_altar

Skill      XL: |  1  2  3  4  5  6  7  8  9 10 11 12 13 14 15 16 |
---------------+-------------------------------------------------+-----
Conjurations   | 2 3 4 5 6 |  6.3
Spellcasting   | 4 5 7 8 9 10 11 12 | 12.9
Poison Magic   | 1 2 4 5 |  5.4
Air Magic      | 1 2 4 5 6 7 |  7.3
Short Blades   | 1 2 3 |  3.6
Translocations | 2 3 |  3.9
Fighting       | 1 2 3 4 5 6 |  6.4
Long Blades    | 1 2 4 5 6 8 10 11 12 13 | 13.1
Fire Magic     | 1 3 4 6 |  6.7
Dodging        | 3 4 5 6 7 |  7.4
Charms         | 2 3 5 6 |  6.6
Ice Magic      | 2 3 5 7 8 |  8.9
Summonings     | 2 4 5 |  5.3
Polearms       | 1 |  1.2
Evocations     | 3 5 7 |  7.0
Throwing       | 1 2 |  2.4
Hexes          | 2 4 |  4.2
Stealth        | 4 5 |  5.0
Shields        | 2 |  2.8
Staves         | 1 |  1.5

Action                   |  1- 3 |  4- 6 |  7- 9 | 10-12 | 13-15 | 16-18 || total
-------------------------+-------+-------+-------+-------+-------+-------++-------
Melee: Unarmed           |    22 |       |       |       |       |       ||    22
       Tentacles         |     2 |     8 |    32 |    94 |   140 |    37 ||   313
       Constrict         |     9 |    22 |    46 |    73 |   126 |    32 ||   308
       Spear             |    13 |     5 |       |    15 |       |       ||    33
       Short sword       |       |    70 |    28 |    12 |    27 |    17 ||   154
       Falchion          |       |       |   181 |   275 |       |       ||   456
       Trident           |       |       |     1 |     2 |       |       ||     3
       Demon blade       |       |       |       |   143 |   732 |   133 ||  1008
       Dagger            |       |       |       |     1 |    32 |       ||    33
       Scimitar          |       |       |       |       |    17 |     3 ||    20
       Staff             |       |       |       |       |       |     3 ||     3
Throw: Dart              |       |    24 |    72 |   136 |    93 |    38 ||   363
       Boomerang         |       |       |       |     2 |   108 |    16 ||   126
       Javelin           |       |       |       |       |    10 |       ||    10
 Cast: Magic Dart        |    48 |    48 |   112 |    73 |    21 |       ||   302
       Mephitic Cloud    |       |     4 |    17 |    25 |    17 |     2 ||    65
       Blink             |       |     1 |    14 |    21 |    11 |     1 ||    48
       Conjure Flame     |       |       |     9 |    11 |       |       ||    20
       Ozocubu's Armour  |       |       |       |    45 |   100 |    21 ||   166
       Searing Ray       |       |       |       |    39 |    37 |    10 ||    86
       Frozen Ramparts   |       |       |       |    23 |    87 |    17 ||   127
       Summon Lightning  |       |       |       |    10 |     1 |     2 ||    13
       Apportation       |       |       |       |     3 |     4 |     3 ||    10
       Sticky Flame      |       |       |       |       |    41 |    18 ||    59
       Fireball          |       |       |       |       |     3 |       ||     3
       Song of Slaying   |       |       |       |       |    12 |     6 ||    18
       Tukima's Dance    |       |       |       |       |     1 |       ||     1
       Poisonous Vapours |       |       |       |       |       |     4 ||     4
Invok: Call Merchant     |       |       |       |     1 |     3 |       ||     4
 Abil: Evoke Blink       |       |       |       |       |     1 |       ||     1
       Evoke Invisibilit |       |       |       |       |     1 |       ||     1
  Use: Scroll            |     1 |     1 |     7 |    13 |    18 |     2 ||    42
       Potion            |       |     1 |     1 |    12 |     8 |     2 ||    24
 Stab: Sleeping          |     1 |     6 |     4 |    10 |    38 |    10 ||    69
       Distracted        |       |     1 |     1 |     2 |     6 |     1 ||    11
       Confused          |       |       |     3 |     8 |     1 |       ||    12
  Eat: Chunk             |     1 |     6 |       |       |       |       ||     7
       Ration            |       |     1 |     6 |    10 |    14 |     3 ||    34
Armor: Skin              |     4 |     1 |     9 |    44 |   107 |    17 ||   182
Dodge: Dodged            |    30 |    43 |   101 |   381 |   764 |   181 ||  1500
       Rpst.: Falchion   |       |       |    24 |    60 |       |       ||    84
       Demon blade       |       |       |       |    51 |   148 |    38 ||   237
       Scimitar          |       |       |       |       |     2 |     1 ||     3
